 Dungeon Crawl Stone Soup version 0.21.1-1-g345015fe64 (webtiles) character file.

4988 Holzbalken the Zephyrmancer (level 10, -2/80 HPs)
             Began as a White Draconian Air Elementalist on July 6, 2018.
             Was an Initiate of Sif Muna.
             Slain by a killer bee (7 damage)
             ... on level 9 of the Dungeon.
             The game lasted 01:11:47 (13576 turns).

Holzbalken the Zephyrmancer (DrAE)                 Turns: 13576, Time: 01:11:47

Health: -2/80      AC: 10    Str: 10    XL:     10   Next: 29%
Magic:  17/20      EV: 12    Int: 19    God:    Sif Muna [......]
Gold:   175        SH:  5    Dex: 12    Spells: 12/22 levels left

rFire    . . .     SeeInvis .   h - +1 whip (freeze)
rCold    + . .     Gourm    .   y - +0 buckler
rNeg     . . .     Faith    .   (armour unavailable)
rPois    .         Spirit   .   (helmet restricted)
rElec    .         Reflect  .   (no cloak)
rCorr    .         Harm     .   m - +2 pair of gloves
MR       .....                  (no boots)
Stlth    ++........             (no amulet)
HPRegen  0.23/turn              (no ring)
MPRegen  0.17/turn              (no ring)

@: lethally poisoned (-2 -> -32), short of breath
A: breathe frost, unfitting armour, cold resistance 1, cold-blooded, AC +7
a: Breathe Frost, Renounce Religion


You were on level 9 of the Dungeon.
You worshipped Sif Muna.
Sif Muna was noncommittal.
You were not hungry.

You visited 2 branches of the dungeon, and saw 10 of its levels.
You also visited: Ossuary.

You collected 505 gold pieces.
You spent 330 gold pieces at shops.

Inventory:

Hand Weapons
 h - a +1 whip of freezing (weapon)
Armour
 m - a +2 pair of gloves (worn)
 y - a +0 buckler (worn)
Wands
 q - a wand of enslavement (15)
 B - a wand of acid (7)
 D - a wand of random effects (26)
 E - a wand of flame (69)
 F - a wand of paralysis (21)
 H - a wand of scattershot (2)
Scrolls
 c - a scroll of magic mapping {unknown}
 d - 3 scrolls of immolation
 g - 2 scrolls of amnesia {unknown}
 j - 4 scrolls of identify
 k - 6 scrolls of remove curse
 n - 3 scrolls of teleportation {unknown}
 p - 2 scrolls of blinking {unknown}
 r - a scroll of vulnerability {unknown}
 C - 5 scrolls of enchant weapon
 G - a scroll of fear {unknown}
 I - a scroll of fog {unknown}
Potions
 e - a potion of heal wounds {unknown}
 f - 2 potions of agility
 i - a potion of brilliance {unknown}
 l - a potion of berserk rage {unknown}
 o - a potion of might {unknown}
 s - 5 potions of lignification
 t - 3 potions of flight
 u - 5 potions of curing
 v - 3 potions of mutation {unknown}
 w - 3 potions of ambrosia {unknown}
 z - a potion of magic {unknown}
 A - 4 potions of haste {unknown}
Books
 a - a book of Air

   Spells                             Type                      Level
   a - Shock                          Conjuration/Air              1
   b - Swiftness                      Charms/Air                   2
   c - Static Discharge               Conjuration/Air              3
   d - Airstrike                      Air                          4
   e - Lightning Bolt                 Conjuration/Air              5
 x - a book of Battle

   Spells                             Type                      Level
   a - Infusion                       Charms                       1
   b - Shroud of Golubria             Charms/Translocation         2
   c - Song of Slaying                Charms                       2
   d - Spectral Weapon                Hexes/Charms                 3
   e - Regeneration                   Charms/Necromancy            3
Comestibles
 b - 6 rations


   Skills:
 + Level 4.7 Fighting
 - Level 1.8 Dodging
 - Level 1.7 Stealth
 * Level 3.8 Shields
 + Level 6.7 Spellcasting
 + Level 6.9 Conjurations
 * Level 10.3 Air Magic


You had 12 spell levels left.
You knew the following spells:

 Your Spells              Type           Power        Failure   Level  Hunger
a - Shock                 Conj/Air       ####         1%          1    None
b - Airstrike             Air            #####.....   1%          4    ####...
c - Lightning Bolt        Conj/Air       #####.....   9%          5    #####..


Dungeon Overview and Level Annotations

Branches:
Dungeon (9/15)             Temple (1/1) D:6
   Lair: D:8-11         Orc: D:9-12

Altars:
Ashenzari
Cheibriados
Dithmenos
Elyvilon
Fedhas
Gozag
Hepliaklqana
Kikubaaqudgha
Makhleb
Nemelex Xobeh
Okawaru
Qazlal
Ru
Sif Muna
Trog
Uskayaw
Vehumet
Wu Jian
Xom
Yredelemnul
Zin
The Shining One

Shops:
D:5 (*   D:7 }

Annotations:
D:3 ILYA101's ghost, amateur HOFi
D:7 exclusion: oklob plant


Innate Abilities, Weirdness & Mutations

You can breathe waves of freezing cold.
You can buffet flying creatures when you breathe cold.
Your icy white scales are hard. (AC +7)
You cannot fit into any form of body armour.
Your flesh is cold resistant. (rC+)
You are cold-blooded and may be slowed by cold attacks.


Message History

Sif Muna accepts your kill.
* * * LOW HITPOINT WARNING * * *
You feel very sick.
The killer bee stings you but does no damage.
The killer bee barely misses you. You block the killer bee's attack.
The killer bee stings you.
* * * LOW HITPOINT WARNING * * *
You block the killer bee's attack. The killer bee barely misses you. x2
The killer bee misses you.
Press: ? - help, Shift-Dir - straight line, f - killer bee
Aim: a killer bee (heavily wounded)
You exhale a wave of freezing cold.
The freezing breath hits the killer bee.
You kill the killer bee!
Sif Muna accepts your kill.
You feel somewhat more hungry.
* * * LOW HITPOINT WARNING * * *
You feel very sick. The killer bee stings you!
You die...

############
#..........#
#..........#
#...<......#
#.......y..#
#.......y@.+
#.......†y)#
#..........#
######'#####
#.# ..# #.##
#. ..


You could see 3 killer bees.

Vanquished Creatures
  The ghost of Fascinator the Ruffian, a novice DrTm (D:6)
  The ghost of Fascinator the Changer, a novice DrTm (D:5)
  Grinder (D:5)
  A spriggan (D:8)
  The ghost of Tali the Covered, an amateur MiFi (D:4)
  Grum (D:8)
  3 orc warriors
  2 ice beasts
  A sky beast (D:5)
  A phantom (D:8)
  A necrophage (D:8)
  4 ogres
  3 wolves (D:8)
  2 centaurs
  Blork the orc (D:4)
  A bullfrog (D:6)
  2 scorpions
  12 killer bees
  A howler monkey (D:4)
  A centaur zombie (Ossuary)
  4 crimson imps
  A human zombie (Ossuary)
  4 hounds
  A jelly (D:5)
  4 orc priests
  2 bullfrog zombies
  3 orc wizards
  2 bullfrog skeletons
  5 iguanas
  7 worker ants
  A big kobold zombie (Ossuary)
  A hound zombie (D:8)
  5 mummies (Ossuary)
  A worker ant zombie (D:5)
  6 gnolls (D:5)
  11 adders
  An ooze (D:3)
  2 adder zombies (D:8)
  2 adder skeletons
  3 worms
  5 leopard geckos
  15 orcs
  3 ball pythons
  4 bats
  4 giant cockroaches
  2 gnoll zombies (Ossuary)
  6 goblins
  6 hobgoblins
  13 jackals
  5 kobolds
  6 quokkas
  6 frilled lizards
  A hobgoblin zombie (Ossuary)
  A leopard gecko zombie (D:6)
  2 orc zombies (Ossuary)
  A quokka skeleton (D:8)
  A quokka zombie (D:7)
  11 rats
199 creatures vanquished.

Notes
Turn   | Place    | Note
-------+----------+-------------------------------------------
     0 | D:1      | Holzbalken the Draconian Air Elementalist began the quest for the Orb.
     0 | D:1      | Reached XP level 1. HP: 14/14 MP: 3/3
   287 | D:1      | Reached XP level 2. HP: 20/20 MP: 1/5
   890 | D:2      | Reached XP level 3. HP: 25/26 MP: 1/6
  1655 | D:3      | Reached skill level 4 in Air Magic
  1846 | D:3      | Reached XP level 4. HP: 33/33 MP: 0/8
  2709 | D:3      | Noticed ILYA101's ghost (amateur HOFi)
  3427 | D:4      | Reached XP level 5. HP: 28/38 MP: 3/9
  3543 | D:4      | Reached skill level 5 in Air Magic
  3555 | D:4      | Found a sand-covered staircase.
  3578 | Ossuary  | Entered an ossuary
  3832 | Ossuary  | Reached XP level 6. HP: 45/45 MP: 6/11
  4525 | D:4      | Noticed Tali's ghost (amateur MiFi)
  4751 | D:4      | Reached skill level 6 in Air Magic
  4762 | D:4      | Killed Tali's ghost
  4762 | D:4      | Your scales start taking on an icy white colour.
  4762 | D:4      | Reached XP level 7. HP: 26/50 MP: 0/13
  4762 | D:4      | Gained mutation: Your flesh is cold resistant. (rC+) [White Draconian growth]
  4911 | D:4      | Learned a level 4 spell: Airstrike
  4961 | D:4      | Found a hide-covered altar of Uskayaw.
  5026 | D:4      | Noticed Blork the orc
  5048 | D:4      | Killed Blork the orc
  5412 | D:5      | Entered Level 5 of the Dungeon
  5489 | D:5      | Noticed Fascinator's ghost (novice DrTm)
  5822 | D:5      | Reached skill level 7 in Air Magic
  5955 | D:5      | Found Wiplerad's Antique Weapon Emporium.
  6047 | D:5      | Noticed Grinder
  6063 | D:5      | Paralysed by Grinder for 6 turns
  6082 | D:5      | Killed Grinder
  6082 | D:5      | Reached XP level 8. HP: 38/57 MP: 0/15
  6282 | D:5      | Killed Fascinator's ghost
  6282 | D:5      | Reached skill level 5 in Spellcasting
  6282 | D:5      | Reached skill level 5 in Conjurations
  6282 | D:5      | Reached skill level 8 in Air Magic
  6591 | D:5      | Reached skill level 1 in Fighting
  7227 | D:5      | Found Sassadom's Assorted Antiques.
  7598 | D:6      | Reached XP level 9. HP: 67/67 MP: 1/17
  7831 | D:6      | Noticed Fascinator's ghost (novice DrTm)
  8383 | D:6      | Killed Fascinator's ghost
  8383 | D:6      | Reached skill level 9 in Air Magic
  8560 | D:6      | Found a white marble altar of Elyvilon.
  8560 | D:6      | Found an iron altar of Okawaru.
  8561 | D:6      | Found a hazy altar of Hepliaklqana.
  9084 | D:6      | Learned a level 5 spell: Lightning Bolt
  9338 | D:6      | Found a staircase to the Ecumenical Temple.
  9519 | Temple   | Entered the Ecumenical Temple
  9700 | Temple   | Became a worshipper of Sif Muna the Loreminder
  9958 | D:5      | Bought a hardcover book for 330 gold pieces
 10184 | D:7      | Noticed an oklob plant
 10189 | D:7      | Found Mowkoaca's Gadget Emporium.
 10687 | D:7      | Found a snail-covered altar of Cheibriados.
 10688 | D:7      | Found a shimmering altar of Xom.
 10696 | D:7      | Reached skill level 1 in Shields
 11210 | D:7      | Found a shimmering altar of Xom.
 11529 | D:7      | HP: 3/71 [acid (13)]
 12285 | D:8      | Reached skill level 10 in Air Magic
 12525 | D:8      | Reached XP level 10. HP: 57/79 MP: 14/19
 12732 | D:8      | Noticed a two-headed ogre
 12947 | D:8      | Noticed Grum
 12958 | D:8      | Killed Grum
 13576 | D:9      | Slain by a killer bee

Skill      XL: |  1  2  3  4  5  6  7  8  9 10 |
---------------+-------------------------------+-----
Air Magic      | 4 5 6 7 8 10 | 10.3
Conjurations   | 2 3 4 5 6 |  6.9
Spellcasting   | 3 4 5 6 |  6.7
Fighting       | 2 4 |  4.7
Shields        | 2 3 |  3.8
Dodging        | |  1.8
Stealth        | |  1.7

Action                   |  1- 3 |  4- 6 |  7- 9 | 10-12 || total
-------------------------+-------+-------+-------+-------++-------
Melee: Unarmed           |    13 |       |       |       ||    13
       Tailslap          |     1 |     3 |     4 |       ||     8
       Whip              |     5 |     3 |    35 |     6 ||    49
 Cast: Shock             |    71 |   140 |   229 |    53 ||   493
       Airstrike         |       |       |    46 |    11 ||    57
       Lightning Bolt    |       |       |     3 |     1 ||     4
 Abil: Breathe Frost     |       |       |     1 |     1 ||     2
  Use: Scroll            |       |       |     9 |       ||     9
  Eat: Chunk             |     3 |     3 |    12 |     2 ||    20
       Ration            |       |     2 |     6 |     1 ||     9
Armor: Skin              |    12 |     7 |    50 |    25 ||    94
Dodge: Dodged            |    24 |    42 |    72 |    58 ||   196
Block: Buckler           |       |       |     3 |    22 ||    25
